 Dungeon Crawl Stone Soup version 0.21.1-1-g345015fe64 (webtiles) character file.

93 Oravi the Insei (level 4, 0/32 HPs)
             Began as a Merfolk Transmuter on May 2, 2018.
             Succumbed to an adder's poison
             ... on level 2 of the Dungeon.
             The game lasted 00:04:43 (1502 turns).

Oravi the Insei (Merfolk Transmuter)                Turns: 1502, Time: 00:04:44

Health: 0/32       AC:  3    Str: 14    XL:     4   Next: 62%
Magic:  3/7        EV: 17    Int: 13    God:
Gold:   121        SH:  0    Dex: 19    Spells: 1/7 levels left

rFire    . . .     SeeInvis .     - Unarmed
rCold    . . .     Gourm    .   (no shield)
rNeg     . . .     Faith    .   b - +0 robe
rPois    .         Spirit   .   (no helmet)
rElec    .         Reflect  .   e - +0 cloak
rCorr    .         Harm     .   (no gloves)
MR       .....                  (no boots)
Stlth    +++.......             (no amulet)
HPRegen  0.10/turn              i - +4 ring of strength
MPRegen  0.10/turn              (no ring)

@: agile, lethally poisoned (0 -> -6), very slightly contaminated, heavily
drained
A: change form in water, swift swim, stealthy swim
a: no special abilities


You were on level 2 of the Dungeon.
You were not hungry.

You visited 1 branch of the dungeon, and saw 2 of its levels.

You collected 121 gold pieces.

Inventory:

Missiles
 a - 11 arrows
 g - 19 stones (quivered)
Armour
 b - a +0 robe (worn)
 e - a +0 cloak (worn)
Jewellery
 i - a +4 ring of strength (left hand)
Scrolls
 f - a scroll of amnesia {unknown}
 j - a scroll of immolation
Books
 c - a book of Changes

   Spells                             Type                      Level
   a - Beastly Appendage              Transmutation                1
   b - Sticks to Snakes               Transmutation                2
   c - Spider Form                    Transmutation/Poison         3
   d - Ice Form                       Ice/Transmutation            4
   e - Blade Hands                    Transmutation                5
Comestibles
 d - 2 rations
 h - 5 chunks of flesh


   Skills:
 - Level 1.1(0.0) Fighting
 - Level 2.6(1.3) Dodging
 + Level 4.4(3.0) Unarmed Combat
 - Level 2.0(0.6) Spellcasting
 + Level 4.4(3.0) Transmutations
 + Level 1.6(0.3) Poison Magic


You had one spell level left.
You knew the following spells:

 Your Spells              Type           Power        Failure   Level  Hunger
a - Beastly Appendage     Tmut           #.....       9%          1    ##.....
b - Sticks to Snakes      Tmut           #.......     13%         2    ###....
c - Spider Form           Tmut/Pois      #.........   41%         3    ####...


Dungeon Overview and Level Annotations

Branches:
Dungeon (2/15)

Altars:

Annotations:
D:2 1 runed door


Message History

You feel sick. The gnoll closely misses you.
A kobold comes into view.
You bite the gnoll!
The gnoll is poisoned.
The gnoll is severely wounded.
Your transformation has ended.
Your +0 cloak unmelds from your body.
Your +0 robe unmelds from your body.
* * * LOW HITPOINT WARNING * * *
You feel sick. The gnoll barely misses you.
You barely miss the gnoll.
The gnoll is severely wounded.
You kill the gnoll!
* * * LOW HITPOINT WARNING * * *
You feel sick.
Things that are here:
a flail; 10 gold pieces
* * * LOW HITPOINT WARNING * * *
You feel sick.
* * * LOW HITPOINT WARNING * * *
You feel sick.
You die...

#.##.#.#. #.# .. #.##"#.#. #.###.
#........ # ... #.... ####.####
#. #..# #...# #.# #.#.##..# #...#
#.# ........ #...# #######.####
......######...#####......>..##
#.##..#....KK.@......###...#.##
..#.#.......)...[......# #...#...
..#........†...........###.....##
..#.....######...#####......##.##
.g.).#..# #...# #..)...#####
.g%)....# #...# ####....#
...#b#.## #...# #.#### ....g#K#
#...# #.#####♣♣ .....S.# ##.##
#.......♣


You could see 2 kobolds.

Vanquished Creatures
  2 gnolls (D:2)
  3 adders (D:2)
  2 worms (D:2)
  2 dart slugs (D:1)
  4 leopard geckos
  3 giant cockroaches (D:1)
  3 goblins
  4 hobgoblins
  3 kobolds
  A ball python (D:1)
  3 bats
  4 frilled lizards
  4 rats
38 creatures vanquished.

Vanquished Creatures (collateral kills)
  A bat (D:2)
1 creature vanquished.

Grand Total: 39 creatures vanquished

Notes
Turn   | Place    | Note
-------+----------+-------------------------------------------
     0 | D:1      | Oravi the Merfolk Transmuter began the quest for the Orb.
     0 | D:1      | Reached XP level 1. HP: 15/15 MP: 3/3
   304 | D:1      | Reached XP level 2. HP: 21/21 MP: 5/5
   488 | D:1      | Reached XP level 3. HP: 20/26 MP: 4/6
   492 | D:1      | Learned a level 2 spell: Sticks to Snakes
   496 | D:1      | Learned a level 3 spell: Spider Form
  1010 | D:2      | Reached skill level 1 in Poison Magic
  1012 | D:2      | Reached XP level 4. HP: 16/32 MP: 0/7
  1453 | D:2      | Found a runed door.
  1500 | D:2      | HP: 1/32 [poisoned by an adder]
  1502 | D:2      | Succumbed to an adder's poison

Skill      XL: |  1  2  3 |
---------------+----------+-----
Transmutations | 3 4 |  4.4
Unarmed Combat | 4 |  4.4
Poison Magic   | 1 |  1.6
Fighting       | |  1.1
Dodging        | |  2.6
Spellcasting   | |  2.0

Action                   |  1- 3 |  4- 6 || total
-------------------------+-------+-------++-------
Melee: Unarmed           |    95 |    20 ||   115
       Headbutt          |     9 |       ||     9
       Punch             |     3 |       ||     3
 Cast: Beastly Appendage |    16 |       ||    16
       Spider Form       |     1 |     3 ||     4
       Sticks to Snakes  |     1 |       ||     1
  Use: Scroll            |       |     2 ||     2
       Potion            |       |     1 ||     1
  Eat: Chunk             |     1 |     2 ||     3
Armor: Robe              |    29 |     2 ||    31
       Skin              |     1 |       ||     1
Dodge: Dodged            |    82 |    25 ||   107
